ITL
AMARILLO ARCHDUKES @ RICHMOND FLAIRS
05/08/2026
 
TOP OF THE 1ST
Amarillo Archdukes batting - Pitching for Richmond Flairs : RHP John Smith
Pitching: RHP John Smith
Batting: RHB Mitsuoki Taguchi 0-0: Ball
1-0: Ball
2-0: Ball
3-0: Base on Balls
Batting: LHB Howard Lambert 0-0: Ball
1-0: Ball
2-0: Called Strike
2-1: Ball
3-1: Base on Balls
Mitsuoki Taguchi to second
Batting: LHB Michael Cook 0-0: Ball
1-0: Fly out, F7 (Flyball, 78D)
Batting: RHB Tim Chambers 0-0: Ball
1-0: Foul Ball, location: 2F
1-1: Swinging Strike
1-2: Ball
2-2: Strikes out swinging
Batting: LHB Chris Pryor 0-0: 3-RUN HOME RUN (Flyball, 9LD), Distance : 346 ft
Batting: RHB Ronald Parsons 0-0: Ball
1-0: Ball
2-0: Ball
3-0: Called Strike
3-1: Foul Ball, location: 2F
3-2: Strikes out looking
Top of the 1st over - 3 run(s), 1 hit(s), 0 error(s), 0 left on base; Amarillo 3 - Richmond 0
BOTTOM OF THE 1ST
Richmond Flairs batting - Pitching for Amarillo Archdukes : RHP Sébastien Benoit
Pitching: RHP Sébastien Benoit
Batting: RHB Alberto Hernández 0-0: Ball
1-0: Ball
2-0: Swinging Strike
2-1: Ball
3-1: Foul Ball, location: 2F
3-2: Strikes out looking
Batting: RHB R.J. Crosby 0-0: Ball
1-0: Ball
2-0: Called Strike
2-1: Hit by Pitch
Batting: LHB Sean Nicks Balk!
R.J. Crosby to second
0-0: Called Strike
0-1: Ground out U3 (Groundball, 3)
R.J. Crosby to third
Batting: RHB Jorge Jiménez 0-0: Ball
1-0: Ground out 6-3 (Groundball, 6)
Bottom of the 1st over - 0 run(s), 0 hit(s), 0 error(s), 1 left on base; Amarillo 3 - Richmond 0
TOP OF THE 2ND
Amarillo Archdukes batting - Pitching for Richmond Flairs : RHP John Smith
Batting: RHB Domingo Bueno 0-0: DOUBLE (Flyball, 89S)
Batting: RHB Tony Quinn 0-0: Called Strike
0-1: Ball
1-1: Ball
2-1: Foul Ball, location: 2F
2-2: Ball
3-2: Foul Ball, location: 2F
3-2: Fly out, F4 (Popup, 4MD)
Batting: RHB Mark Roy 0-0: Called Strike
0-1: Ball
1-1: Foul Ball, location: 2F
1-2: Strikes out looking
Batting: RHB Mitsuoki Taguchi 0-0: Ball
1-0: DOUBLE (Flyball, 78D)
Domingo Bueno scores
Batting: LHB Howard Lambert 0-0: Called Strike
0-1: Ball
1-1: Ball
2-1: SINGLE (Groundball, 4M)
Mitsuoki Taguchi to third
Runner from 3rd tries for Home, SAFE, no throw or cutoff
Batting: LHB Michael Cook 0-0: Called Strike
0-1: Ball
1-1: Ball
2-1: Swinging Strike
2-2: Foul Ball, location: 2F
2-2: Foul Ball, location: 2F
2-2: Foul Ball, location: 2F
2-2: Fly out, F4 (Line Drive, 4)
Top of the 2nd over - 2 run(s), 3 hit(s), 0 error(s), 1 left on base; Amarillo 5 - Richmond 0
BOTTOM OF THE 2ND
Richmond Flairs batting - Pitching for Amarillo Archdukes : RHP Sébastien Benoit
Batting: RHB Elliott Johnston 0-0: Ball
1-0: Ball
2-0: Ball
3-0: Called Strike
3-1: Base on Balls
Batting: LHB Roland Jones 0-0: Ball
1-0: Called Strike
1-1: Ball
2-1: Foul Ball, location: 2F
2-2: 2-RUN HOME RUN (Flyball, 89XD), Distance : 397 ft
Batting: RHB Tom Carey 0-0: Foul Ball, location: 2F
0-1: Ball
1-1: Ball
2-1: Swinging Strike
2-2: Ball
3-2: Strikes out looking
Batting: SHB Adrián Miranda 0-0: Called Strike
0-1: Fly out, F6 (Popup, 6M)
Batting: RHB Armando González 0-0: Swinging Strike
0-1: Ground out 6-3 (Groundball, 6M)
Bottom of the 2nd over - 2 run(s), 1 hit(s), 0 error(s), 0 left on base; Amarillo 5 - Richmond 2
TOP OF THE 3RD
Amarillo Archdukes batting - Pitching for Richmond Flairs : RHP John Smith
Batting: RHB Tim Chambers 0-0: Fly out, F9 (Flyball, 89XD)
Batting: LHB Chris Pryor 0-0: Ground out 5-3 (Groundball, 56)
Batting: RHB Ronald Parsons 0-0: Ball
1-0: Ground out 1-3 (Groundball, 15)
Top of the 3rd over - 0 run(s), 0 hit(s), 0 error(s), 0 left on base; Amarillo 5 - Richmond 2
BOTTOM OF THE 3RD
Richmond Flairs batting - Pitching for Amarillo Archdukes : RHP Sébastien Benoit
Batting: RHB Alberto Hernández 0-0: Swinging Strike
0-1: Reached on error, E6 (Groundball, 6M)
Batting: RHB R.J. Crosby 0-0: Called Strike
0-1: Swinging Strike
0-2: Ball
1-2: Foul Ball, location: 2F
1-2: Fly out, F9 (Flyball, 9M)
Batting: LHB Sean Nicks 0-0: Ball
1-0: Ball
2-0: Ball
3-0: Foul Ball, location: 2F
3-1: Swinging Strike
3-2: Strikes out swinging
Batting: RHB Jorge Jiménez 0-0: Called Strike
Alberto Hernández steals 2nd base
0-1: Foul Ball, location: 2F
0-2: Ball
1-2: Ball
2-2: Foul Ball, location: 2F
2-2: Foul Ball, location: 2F
2-2: Foul Ball, location: 2F
2-2: Foul Ball, location: 2F
2-2: Ball
3-2: Foul Ball, location: 2F
3-2: Foul Ball, location: 2F
3-2: SINGLE (Line Drive, 89S)
Alberto Hernández to third
Alberto Hernández scores
Batting: RHB Elliott Johnston 0-0: Ball
Jorge Jiménez is caught stealing 2nd base
Bottom of the 3rd over - 1 run(s), 1 hit(s), 1 error(s), 0 left on base; Amarillo 5 - Richmond 3
TOP OF THE 4TH
Amarillo Archdukes batting - Pitching for Richmond Flairs : RHP John Smith
Batting: RHB Domingo Bueno 0-0: Foul Ball, location: 2F
0-1: Foul Ball, location: 2F
0-2: Ball
1-2: SINGLE (Groundball, 6M)
Batting: RHB Tony Quinn 0-0: Fly out, F7 (Line Drive, 7S)
Batting: RHB Mark Roy 0-0: Ball
1-0: Called Strike
1-1: Ball
2-1: DOUBLE (Flyball, 7LD)
Domingo Bueno to third
Batting: RHB Mitsuoki Taguchi 0-0: Called Strike
0-1: Ball
1-1: Called Strike
1-2: Foul Ball, location: 2F
1-2: Foul Ball, location: 2F
1-2: Foul Ball, location: 2F
1-2: Fly out, F9 (Flyball, 9M)
Runner from 3rd tags up, SCORES, throw made
Batting: LHB Howard Lambert 0-0: Ground out 4-3 (Groundball, 4)
Top of the 4th over - 1 run(s), 2 hit(s), 0 error(s), 1 left on base; Amarillo 6 - Richmond 3
BOTTOM OF THE 4TH
Richmond Flairs batting - Pitching for Amarillo Archdukes : RHP Sébastien Benoit
Batting: RHB Elliott Johnston 0-0: Swinging Strike
0-1: Ball
1-1: Foul Ball, location: 2F
1-2: Ball
2-2: Foul Ball, location: 2F
2-2: Ball
3-2: Ground out 6-3 (Groundball, 6)
Batting: LHB Roland Jones 0-0: Ball
1-0: Ball
2-0: SINGLE (Line Drive, 6MD)
Batting: RHB Tom Carey 0-0: Ball
1-0: Ball
2-0: Called Strike
2-1: Called Strike
2-2: Ball
3-2: Strikes out swinging
Roland Jones steals 2nd base
Batter strikes out.
Batting: SHB Adrián Miranda 0-0: Foul Ball, location: 2F
0-1: Ball
1-1: Swinging Strike
1-2: Strikes out looking
Bottom of the 4th over - 0 run(s), 1 hit(s), 0 error(s), 1 left on base; Amarillo 6 - Richmond 3
TOP OF THE 5TH
Amarillo Archdukes batting - Pitching for Richmond Flairs : RHP John Smith
Batting: LHB Michael Cook 0-0: Called Strike
0-1: Ball
1-1: Called Strike
1-2: Ball
2-2: Ball
3-2: Foul Ball, location: 2F
3-2: Base on Balls
Batting: RHB Tim Chambers 0-0: Ball
1-0: Called Strike
1-1: Ball
2-1: Foul Ball, location: 2F
2-2: SINGLE (Line Drive, 6M)
Michael Cook to second
Batting: LHB Chris Pryor 0-0: Foul Ball, location: 2F
0-1: Swinging Strike
0-2: Ball
1-2: Strikes out looking
Batting: RHB Ronald Parsons 0-0: Ball
1-0: Ball
2-0: Called Strike
2-1: Called Strike
2-2: Strikes out looking
Batting: RHB Domingo Bueno 0-0: Ball
1-0: Ball
2-0: SINGLE (Line Drive, 8RS)
Michael Cook to third
Tim Chambers to second
Runner from 3rd tries for Home, SAFE, no throw or cutoff
Pitching: RHP Alfonso Rodríguez
Batting: RHB Tony Quinn 0-0: Called Strike
0-1: Swinging Strike
0-2: Strikes out looking
Top of the 5th over - 1 run(s), 2 hit(s), 0 error(s), 2 left on base; Amarillo 7 - Richmond 3
BOTTOM OF THE 5TH
Richmond Flairs batting - Pitching for Amarillo Archdukes : RHP Sébastien Benoit
Batting: RHB Armando González 0-0: Called Strike
0-1: Foul Ball, location: 2F
0-2: Ball
1-2: Ground out 4-3 (Groundball, 4M)
Batting: RHB Alberto Hernández 0-0: Ball
1-0: SINGLE (Line Drive, 89S)
Pitching: RHP Larry Pérez
Batting: RHB R.J. Crosby 0-0: Called Strike
0-1: Ball
1-1: SINGLE (Groundball, 34S)
Alberto Hernández to second
Runner from 2nd tries for 3rd, OUT!
R.J. Crosby to second
Batting: LHB Sean Nicks 0-0: Ball
1-0: Ball
2-0: Called Strike
2-1: Ball
3-1: Called Strike
3-2: Strikes out swinging
Bottom of the 5th over - 0 run(s), 2 hit(s), 0 error(s), 1 left on base; Amarillo 7 - Richmond 3
TOP OF THE 6TH
Amarillo Archdukes batting - Pitching for Richmond Flairs : RHP Alfonso Rodríguez
Batting: RHB Mark Roy 0-0: Called Strike
0-1: Ball
1-1: Foul Ball, location: 2F
1-2: Ball
2-2: Fly out, F8 (Flyball, 8RM)
Batting: RHB Mitsuoki Taguchi 0-0: Ball
1-0: Swinging Strike
1-1: Ground out 4-3 (Groundball, 4M)
Batting: LHB Howard Lambert 0-0: Ball
1-0: Called Strike
1-1: Swinging Strike
1-2: Foul Ball, location: 2F
1-2: Foul Ball, location: 2F
1-2: SINGLE (Groundball, 34D)
Batting: LHB Michael Cook 0-0: Called Strike
0-1: Called Strike
0-2: Strikes out swinging
Top of the 6th over - 0 run(s), 1 hit(s), 0 error(s), 1 left on base; Amarillo 7 - Richmond 3
BOTTOM OF THE 6TH
Richmond Flairs batting - Pitching for Amarillo Archdukes : RHP Larry Pérez
Batting: RHB Jorge Jiménez 0-0: Ball
1-0: Ball
2-0: Foul Ball, location: 2F
2-1: Ground out 5-3 (Groundball, 56)
Batting: RHB Elliott Johnston 0-0: Called Strike
0-1: Ball
1-1: Ball
2-1: Called Strike
2-2: SINGLE (Groundball, 6D)
Batting: LHB Roland Jones 0-0: Ball
1-0: 2-RUN HOME RUN (Flyball, 9D), Distance : 356 ft
Batting: RHB Tom Carey 0-0: Fly out, F8 (Flyball, 8LM)
Batting: SHB Adrián Miranda 0-0: Ground out 4-3 (Groundball, 4)
Bottom of the 6th over - 2 run(s), 2 hit(s), 0 error(s), 0 left on base; Amarillo 7 - Richmond 5
TOP OF THE 7TH
Amarillo Archdukes batting - Pitching for Richmond Flairs : RHP Alfonso Rodríguez
Batting: RHB Tim Chambers 0-0: Foul Ball, location: 2F
0-1: Foul Ball, location: 2F
0-2: Strikes out swinging
Batting: LHB Chris Pryor 0-0: Called Strike
0-1: Foul Ball, location: 2F
0-2: Ball
1-2: Ball
2-2: Ground out U3 (Groundball, 3)
Batting: RHB Ronald Parsons 0-0: Fly out, F9 (Popup, 3D)
Top of the 7th over - 0 run(s), 0 hit(s), 0 error(s), 0 left on base; Amarillo 7 - Richmond 5
BOTTOM OF THE 7TH
Richmond Flairs batting - Pitching for Amarillo Archdukes : RHP Larry Pérez
Batting: RHB Armando González 0-0: Foul Ball, location: 2F
0-1: Foul Ball, location: 2F
0-2: Strikes out swinging
Pitching: RHP Atsushi Kataoka
Batting: RHB Alberto Hernández 0-0: Ball
1-0: SINGLE (Groundball, 6MD) (infield hit)
Batting: RHB R.J. Crosby 0-0: Called Strike
0-1: Foul Ball, location: 2F
0-2: Ball
Alberto Hernández steals 2nd base
1-2: SINGLE (Groundball, 5L)
Alberto Hernández to third
Runner from 3rd tries for Home, SAFE, no throw or cutoff
Batting: LHB Sean Nicks 0-0: Called Strike
0-1: Ball
1-1: Foul Ball, location: 2F
1-2: Foul Ball, location: 2F
1-2: Ball
2-2: Ball
3-2: SINGLE (Groundball, 34D)
R.J. Crosby to second
Runner from 2nd tries for 3rd, OUT!
Batting: RHB Jorge Jiménez 0-0: Ball
1-0: Fly out, F9 (Line Drive, 89M)
Bottom of the 7th over - 1 run(s), 3 hit(s), 0 error(s), 1 left on base; Amarillo 7 - Richmond 6
TOP OF THE 8TH
Amarillo Archdukes batting - Pitching for Richmond Flairs : RHP Alfonso Rodríguez
Pitching: RHP Pepe Vázquez
Batting: RHB Domingo Bueno 0-0: Fly out, F9 (Flyball, 89S)
Batting: RHB Tony Quinn 0-0: Ball
1-0: Called Strike
1-1: Foul Ball, location: 2F
1-2: Ball
2-2: Ball
3-2: SOLO HOME RUN (Flyball, 89XD), Distance : 379 ft
Batting: RHB Mark Roy 0-0: Called Strike
0-1: Foul Ball, location: 2F
0-2: Strikes out swinging
Batting: RHB Mitsuoki Taguchi 0-0: Ball
1-0: Called Strike
1-1: Swinging Strike
1-2: Ground out 5-3 (Groundball, 5L)
Top of the 8th over - 1 run(s), 1 hit(s), 0 error(s), 0 left on base; Amarillo 8 - Richmond 6
BOTTOM OF THE 8TH
Richmond Flairs batting - Pitching for Amarillo Archdukes : RHP Atsushi Kataoka
Batting: RHB Elliott Johnston 0-0: Ball
1-0: DOUBLE (Flyball, 78XD)
Pitching: RHP Mike Hodges
Batting: LHB Roland Jones 0-0: Ball
1-0: Called Strike
1-1: Ball
2-1: Ball
3-1: Base on Balls
Pinch Hitting: RHB Max Jones 0-0: Sac Bunt - play at first, batter OUT! 1-4
Elliott Johnston to third
Roland Jones to second
Batting: SHB Adrián Miranda 0-0: Foul Ball, location: 2F
0-1: Swinging Strike
0-2: Strikes out swinging
Batting: RHB Armando González 0-0: Swinging Strike
0-1: Swinging Strike
0-2: Ball
1-2: Ball
2-2: Strikes out swinging
Bottom of the 8th over - 0 run(s), 1 hit(s), 0 error(s), 2 left on base; Amarillo 8 - Richmond 6
TOP OF THE 9TH
Amarillo Archdukes batting - Pitching for Richmond Flairs : RHP Pepe Vázquez
Pitching: RHP Felipe Reyes
Now at 2B: Jack Ray
Batting: LHB Howard Lambert 0-0: Called Strike
0-1: Foul Ball, location: 2F
0-2: Foul Ball, location: 2F
0-2: Ball
1-2: Foul Ball, location: 2F
1-2: Ball
2-2: Foul Ball, location: 2F
2-2: Ball
3-2: Ground out 4-3 (Groundball, 4)
Batting: LHB Michael Cook 0-0: Called Strike
0-1: Ball
1-1: Foul Ball, location: 2F
1-2: Strikes out swinging
Batting: RHB Tim Chambers 0-0: Foul Ball, location: 2F
0-1: Foul Ball, location: 2F
0-2: Foul Ball, location: 2F
0-2: Foul Ball, location: 2F
0-2: Strikes out swinging
Top of the 9th over - 0 run(s), 0 hit(s), 0 error(s), 0 left on base; Amarillo 8 - Richmond 6
BOTTOM OF THE 9TH
Richmond Flairs batting - Pitching for Amarillo Archdukes : RHP Mike Hodges
Pitching: RHP Nick Parks
Batting: RHB Alberto Hernández 0-0: Foul Ball, location: 2F
0-1: Ball
1-1: Foul Ball, location: 2F
1-2: Ground out 5-3 (Groundball, 56S)
Batting: RHB R.J. Crosby 0-0: Ball
1-0: Ball
2-0: Ground out 4-3 (Groundball, 4M)
Batting: LHB Sean Nicks 0-0: Foul Ball, location: 2F
0-1: Ball
1-1: Foul Ball, location: 2F
1-2: Ball
2-2: SINGLE (Groundball, 34)
Batting: RHB Jorge Jiménez 0-0: SINGLE (Line Drive, 8RS)
Sean Nicks to second
Batting: RHB Elliott Johnston 0-0: Ball
1-0: Foul Ball, location: 2F
1-1: Ground out 1-3 (Groundball, 23)
Bottom of the 9th over - 0 run(s), 2 hit(s), 0 error(s), 2 left on base; Amarillo 8 - Richmond 6
Monday, December 5th, 2016 - OOTP Baseball 17.12 Build 75